AoeStats
← Valhalin

Arena

510903449Analyzed
4v4 RM · 19h ago on Oct 3, 2026· 42m 2s· 8 players
Game mode
Random Map
Map size
Large (8 player)
Population
200
Speed
Normal
Resources
Standard
Victory
Conquest
Starting age
Dark Age
Ending age
Imperial Age
RankedLock teamsTeams togetherTeam positionsShared explorationLock speedFull tech treeHidden civsTurbo modeCheats
Victory
Defeat
🇪🇨 Persians · Ecuador
1329
+13
🇪🇨 Varangians · Ecuador
1308
+14
🇪🇨 Vietnamese · Ecuador
1253
+16
🇪🇨 Khmer · Ecuador
1252
+16
🇨🇱 Mongols · Chile
1320
-16
🇨🇱 Italians · Chile
1303
-17
🇨🇱 Hindustanis · Chile
1281
-16
🇦🇷 Danes · Argentina
1145
-10
Loco Saiti
9:52 Feudal Age
13:43 Castle Age
12:17 Double-Bit Axe
12:36 Loom
12:35 Horse Collar
14:43 Bow Saw
14:36 Heavy Plow
15:40 Scale Barding Armor
19:44 Bloodlines
20:20 Forging
24:06 Wheelbarrow
25:07 Chain Barding Armor
26:41 Iron Casting
30:41 Gold Mining
33:00 Hand Cart
38:14 Imperial Age
35:45 Fletching
36:26 Bodkin Arrow
36:31 Padded Archer Armor
36:37 Husbandry
37:24 Stone Mining
37:54 Thumb Ring
38:19 Heavy Camel Rider
40:01 Blast Furnace
Valhalin
10:46 Feudal Age
15:03 Castle Age
14:13 Double-Bit Axe
14:33 Stone Mining
14:48 Loom
14:46 Horse Collar
17:59 Fletching
24:01 Bodkin Arrow
30:07 Wheelbarrow
30:03 Scale Mail Armor
31:55 Forging
32:03 Chain Mail Armor
33:44 Heavy Plow
33:58 Bow Saw
35:58 Forging
39:57 Imperial Age
37:25 Town Watch
39:29 Iron Casting
39:21 Careening
38:54 Pikeman
40:32 Murder Holes
40:57 Halberdier
TioNachoooi
10:33 Feudal Age
11:37 Loom
14:11 Castle Age
16:00 Double-Bit Axe
15:57 Horse Collar
19:51 Fletching
27:30 Heavy Plow
27:41 Bow Saw
33:52 Imperial Age
31:32 Squires
31:36 Padded Archer Armor
31:38 Scale Mail Armor
31:51 Forging
31:12 Pikeman
32:47 Elite Skirmisher
33:34 Bodkin Arrow
33:40 Padded Archer Armor
35:07 Bracer
35:23 Leather Archer Armor
37:01 Ballistics
37:34 Wheelbarrow
37:51 Ring Archer Armor
38:16 Bow Saw
40:23 Chemistry
41:54 Thumb Ring
Dua Loopa [TsO]
10:27 Feudal Age
14:07 Castle Age
12:38 Double-Bit Axe
13:05 Horse Collar
20:32 Wheelbarrow
22:17 Heavy Plow
22:29 Bow Saw
26:33 Imperial Age
24:35 Scale Barding Armor
24:40 Forging
24:36 Padded Archer Armor
25:42 Chain Barding Armor
25:55 Loom
26:25 Hand Cart
27:51 Iron Casting
26:40 Heavy Camel Rider
27:31 Bloodlines
27:22 Husbandry
28:55 Chemistry
31:12 Plate Barding Armor
31:37 Blast Furnace
31:00 Gold Mining
30:56 Town Watch
35:19 Blast Furnace
34:33 Thumb Ring
35:38 Leather Archer Armor
35:17 Fletching
34:49 Elite Skirmisher
37:02 Ballistics
36:18 Imperial Camel Rider
37:36 Bodkin Arrow
38:12 Ring Archer Armor
elsalvadordelaoe
9:48 Feudal Age
9:39 Loom
14:20 Castle Age
13:00 Horse Collar
13:58 Double-Bit Axe
24:55 Wheelbarrow
26:11 Scale Barding Armor
26:17 Forging
26:41 Bloodlines
29:07 Imperial Age
26:53 Hand Cart
26:23 Town Watch
26:54 Town Watch
27:15 Gold Mining
27:16 Stone Mining
27:28 Heavy Plow
27:59 Husbandry
29:08 Iron Casting
29:23 Heavy Camel Rider
30:30 Chain Barding Armor
31:33 Blast Furnace
31:10 Crop Rotation
31:57 Plate Barding Armor
31:40 Bow Saw
33:54 Two-Man Saw
33:23 Town Patrol
33:59 Ballistics
34:40 Chemistry
34:38 Conscription
37:41 Fletching
41:14 Hoardings
elpanditm
11:06 Feudal Age
13:03 Double-Bit Axe
15:49 Castle Age
13:33 Horse Collar
16:42 Fletching
17:27 Bodkin Arrow
24:17 Wheelbarrow
23:28 Loom
23:36 Gold Mining
30:02 Imperial Age
27:56 Bow Saw
28:49 Stone Mining
29:32 Hand Cart
30:43 Bracer
32:09 Chemistry
31:28 Padded Archer Armor
33:07 Paper Money
33:10 Fortified Wall
33:23 Ballistics
33:30 Elite Rattan Archer
35:16 Leather Archer Armor
35:33 Heavy Plow
36:37 Ring Archer Armor
37:00 Masonry
37:52 Thumb Ring
38:03 Elite Skirmisher
38:50 Imperial Skirmisher
40:40 Two-Man Saw
40:13 Crop Rotation
gabaleage
9:58 Feudal Age
13:30 Castle Age
12:06 Double-Bit Axe
12:18 Horse Collar
23:46 Wheelbarrow
22:59 Loom
28:47 Imperial Age
28:21 Hand Cart
33:34 Gold Mining
33:35 Stone Mining
33:50 Heavy Plow
34:04 Bow Saw
35:49 Gold Shaft Mining
35:50 Stone Shaft Mining
35:26 Double Crossbow
38:41 Scale Barding Armor
38:15 Elite Ballista Elephant
41:34 Chain Barding Armor
42:19 Chemistry
43:07 Plate Barding Armor
edukratos23
10:03 Feudal Age
14:27 Castle Age
13:58 Double-Bit Axe
15:50 Bloodlines
15:55 Light Cavalry
25:06 Forging
26:28 Iron Casting
27:13 Scale Barding Armor
30:25 Loom
32:39 Vendel Legacy
35:24 Horse Collar
36:01 Husbandry
38:45 Chain Barding Armor
Connection lost

Rejoining the realm…

Still unreachable

The connection could not be restored.

Session expired

The server has moved on; the page needs a fresh start.